 Dungeon Crawl Stone Soup version 0.28.0-47-ge53b351184 (webtiles) character file.

Game seed: 13132097328028353993

640 firemarshallily the Caller (level 7, -2/46 HPs)
             Began as a Merfolk Summoner on May 9, 2022.
             Was a Believer of Sif Muna.
             Slain by a sixfirhy (12 damage)
             ... summoned by a kobold demonologist
             ... on level 5 of the Dungeon.
             The game lasted 00:26:18 (6492 turns).

firemarshallily the Caller (Merfolk Summoner)       Turns: 6492, Time: 00:26:19

Health: -2/46      AC:  4    Str:  8      XL:     7   Next: 51%
Magic:  12/13      EV: 13    Int: 13 (16) God:    Sif Muna [**....]
Gold:   22         SH:  0    Dex: 14 (15) Spells: 5/14 levels left

rFire   . . .      SeeInvis .   t - +0 halberd (vorpal)
rCold   . . .      Faith    .   (shield currently unavailable)
rNeg    . . .      Spirit   .   a - +0 robe
rPois   .          Reflect  .   m - +1 helmet
rElec   .          Harm     .   (no cloak)
rCorr   .          Rampage  .   (no gloves)
Will    .....                   (no boots)
Stlth   ++........              (no amulet)
HPRegen 0.15/turn               e - +4 ring of slaying
MPRegen 0.13/turn               (no ring)

@: slowed, very slow
A: (nimble swimmer 2), mertail
a: Renounce Religion, Channel Magic


You were on level 5 of the Dungeon.
You worshipped Sif Muna.
Sif Muna was pleased with you.
You visited 1 branch of the dungeon, and saw 5 of its levels.
You also visited: Sewer.

You collected 204 gold pieces.
You spent 182 gold pieces at shops.

Inventory:

Hand Weapons
 t - a +0 vorpal halberd (weapon)
Missiles
 g - 53 stones (quivered)
Armour
 a - a +0 robe (worn)
 m - a +1 helmet (worn)
Jewellery
 e - a +4 ring of slaying (left hand)
Wands
 l - a wand of iceblast (3)
 p - a wand of mindburst (22)
Scrolls
 b - a scroll of amnesia
 h - a scroll of magic mapping {unknown}
 k - 4 scrolls of identify
 n - a scroll of teleportation {unknown}
 r - a scroll of blinking {unknown}
Potions
 c - a potion of resistance {unknown}
 d - a potion of lignification {unknown}
 i - 5 potions of mutation
 j - a potion of brilliance {unknown}
 o - 2 potions of ambrosia {unknown}
 q - 2 potions of magic {unknown}
 s - a potion of haste {unknown}


   Skills:
 + Level 1.0 Polearms
 - Level 3.2 Dodging
 - Level 2.1 Stealth
 + Level 4.4 Spellcasting
 * Level 7.5 Summonings


You had 5 spell levels left.
You knew the following spells:

 Your Spells              Type           Power      Damage    Failure   Level
a - Summon Small Mammal   Summ           88%        N/A       1%          1
b - Call Imp              Summ           22%        N/A       1%          2
c - Call Canine Familiar  Summ           22%        N/A       2%          3
d - Summon Guardian Gole  Hex/Summ       12%        N/A       13%         3

Your spell library contained the following spells:

 Spells                   Type           Power      Damage    Failure   Level
 Summon Lightning Spire   Summ/Air       12%        N/A       38%         4


Dungeon Overview and Level Annotations

Branches:
Dungeon (5/15)             Temple (0/1) D:4           Sewer (visited)

Altars:
Sif Muna
Trog
Uskayaw
Wu Jian

Shops:
D:2 *   D:5 ((


Innate Abilities, Weirdness & Mutations

((You are very nimble when in or above water. (Stealth+, EV+, Speed+++)))
Your lower body shifts to a powerful aquatic tail in water.


Message History

Something barely misses your crimson imp. x2
The kobold demonologist casts a spell.
Send 'em back where they came from!
Your crimson imp shudders.
Your crimson imp closely misses the kobold demonologist.
The quasit closely misses you. x2; The quasit barely misses you.
Something hits your crimson imp.
Something closely misses your crimson imp.
The jelly closely misses you.
The crimson imp blinks!
The kobold closely misses your crimson imp.
The kobold demonologist mumbles some strange words.
Something misses your crimson imp.
The quasit bites you but does no damage.
The quasit barely misses you. The quasit closely misses you.
The crimson imp laughs crazily.
Your crimson imp hits the kobold demonologist.
The jelly hits you but does no damage.
The crimson imp blinks!
The quasit closely misses you. The quasit completely misses you.
The quasit misses you. The sixfirhy closely misses you. The sixfirhy hits you.
The sixfirhy shocks you! The crimson imp puffs mist at you.
The kobold demonologist casts a spell.
The quasit bites you.
The quasit claws you but does no damage.
The quasit misses you.
Your crimson imp closely misses the kobold demonologist.
Something barely misses your crimson imp.
The crimson imp blinks!
The neqoxec gestures at you.
You feel dopey. Something feeds on your intellect!
The quasit bites you but does no damage.
The quasit barely misses you.
The quasit claws you but does no damage.
The sixfirhy closely misses you. The sixfirhy misses you.
The sixfirhy hits you!
* * * LOW HITPOINT WARNING * * *
The sixfirhy shocks you!
You die...

..... ##K5............
.≈≈...###..5..........
.≈≈...#.K3K..........
#.............
#.#.5§......... ## #
##5J.........
...###...........
...<...3###......
....#.#@)##......
.......∩<........
........#.......
.......####.....
......# .#... ...... #
.. ...... . .....#
.....


You could see 2 kobold demonologists, a sixfirhy (summoned), a neqoxec
(summoned), a jelly, an iron imp (summoned), a quasit (summoned) and a shadow
imp (summoned).

Vanquished Creatures
  An adder (Sewer)
  2 river rats (Sewer)
  A worm (Sewer)
  An orc (D:3)
  A bat (D:1)
  2 endoplasms (D:3)
  2 giant cockroaches (D:1)
  2 goblins
  4 hobgoblins
  A jackal (D:1)
  3 ball pythons
  2 frilled lizards
  2 kobolds
  4 rats
28 creatures vanquished.

Vanquished Creatures (collateral kills)
  An ogre (D:4)
  3 kobold brigands (Sewer)
  2 jellies
  An iguana (D:5)
  An orc wizard (D:3)
  10 adders
  A river rat (Sewer)
  A white imp (D:5)
  An adder skeleton (D:4)
  3 worms
  4 dart slugs
  6 orcs
  3 bats
  8 endoplasms
  3 giant cockroaches
  3 goblins
  2 hobgoblins
  A jackal (D:1)
  5 ball pythons
  A frilled lizard (D:3)
  9 kobolds
  6 rats
75 creatures vanquished.

Grand Total: 103 creatures vanquished

Notes
Turn   | Place    | Note
-------+----------+-------------------------------------------
     0 | D:1      | firemarshallily the Merfolk Summoner began the quest for
                  | the Orb.
     0 | D:1      | Reached XP level 1. HP: 13/13 MP: 3/3
   370 | D:1      | Reached XP level 2. HP: 17/19 MP: 1/5
   627 | D:1      | Found a faded altar of an unknown god.
   656 | D:1      | Prayed at the altar of an unknown god.
   656 | D:1      | Became a worshipper of Sif Muna the Loreminder
   656 | D:1      | Reached * piety under Sif Muna
   848 | D:1      | Reached XP level 3. HP: 24/24 MP: 4/6
  1525 | D:2      | Learned a level 2 spell: Call Imp
  1529 | D:2      | Learned a level 3 spell: Call Canine Familiar
  1596 | D:2      | Found Daqas's General Store.
  2376 | D:3      | Reached XP level 4. HP: 24/30 MP: 4/7
  2609 | D:3      | Reached skill level 5 in Summonings
  2863 | D:3      | Found a glowing drain.
  2886 | Sewer    | Entered a sewer
  2904 | Sewer    | Noticed a kobold brigand
  3236 | Sewer    | Reached ** piety under Sif Muna
  3248 | Sewer    | Reached XP level 5. HP: 35/35 MP: 4/9
  3720 | Sewer    | Noticed a kobold brigand
  3746 | Sewer    | Killed a kobold brigand
  3747 | Sewer    | Reached skill level 6 in Summonings
  3747 | Sewer    | Reached XP level 6. HP: 38/41 MP: 2/11
  4534 | D:3      | Found a shimmering blue altar of Sif Muna.
  4565 | D:3      | Learned a level 3 spell: Summon Guardian Golem
  4942 | D:3      | Reached XP level 7. HP: 46/46 MP: 6/13
  5275 | D:4      | Reached skill level 7 in Summonings
  5324 | D:4      | Found a staircase to the Ecumenical Temple.
  5483 | D:4      | Found a hide-covered altar of Uskayaw.
  5909 | D:4      | Found a bloodstained altar of Trog.
  6343 | D:5      | Entered Level 5 of the Dungeon
  6343 | D:5      | Found Moklel's Antique Weapon Shoppe.
  6352 | D:5      | Bought a runed halberd for 182 gold pieces
  6420 | D:5      | Found an ornate altar of the Wu Jian Council.
  6440 | D:5      | Found Onlaor's Jewellery Boutique.
  6442 | D:5      | Found Liareef's Weapon Emporium.
  6454 | D:5      | Reached skill level 1 in Polearms
  6462 | D:5      | Noticed a kobold demonologist
  6469 | D:5      | Noticed a kobold demonologist
  6479 | D:5      | Noticed a rust devil
  6489 | D:5      | Noticed a sixfirhy
  6491 | D:5      | Noticed a neqoxec
  6492 | D:5      | Slain by a sixfirhy

Illustrated notes

Levels and vault maps discovered:
D:1:      mainiacjoe_arrival_reflecting_pool, layout_basic,
          chequers_ecumenical_altar_island
D:2:      layout_basic, serial_shops, shop
D:3:      layout_loops_cross, lemuel_coloured_pillars_altar,
          cheibrodos_sewer_entry_drain, kennysheep_path_1
D:4:      layout_loops_corners, mainiacjoe_overflow_boulevard,
          mainiacjoe_overflow_chevrons, minmay_temple_entry_mini_moons
D:5:      layout_cave_pools, grunt_dithmenos_smoke_and_mirrors,
          nicolae_ashenzari_panopticon, nicolae_wu_jian_wuxing_cycle,
          serial_shops, shop, shop, shop, uniq_blork_the_orc, uniq_pikel

Skill      XL: |  1  2  3  4  5  6  7 |
---------------+----------------------+-----
Dodging        | 3 |  3.2
Summonings     | 5 6 7 |  7.5
Spellcasting   | 3 4 |  4.4
Polearms       | 1 |  1.0
Stealth        | |  2.1

Action                   |  1- 3 |  4- 6 |  7- 9 || total
-------------------------+-------+-------+-------++-------
Melee: Club              |    45 |       |       ||    45
       Tailslap          |     2 |     2 |       ||     4
       Mace              |    10 |    53 |    17 ||    80
       Punch             |       |     1 |       ||     1
       Halberd           |       |       |     4 ||     4
Throw: Stone             |       |     2 |       ||     2
 Cast: Summon Small Mamm |    53 |    74 |    19 ||   146
       Call Imp          |     5 |    32 |     6 ||    43
       Call Canine Famil |     1 |     7 |     5 ||    13
       Summon Guardian G |       |       |     1 ||     1
  Use: Scroll            |       |     5 |       ||     5
       Potion            |       |       |     2 ||     2
 Stab: Distracted        |     2 |     1 |       ||     3
       Sleeping          |       |       |     1 ||     1
Armor: Robe              |     7 |     8 |    14 ||    29
Dodge: Dodged            |    45 |    55 |    32 ||   132
